TOP OF THE 1ST |
Glendale Herons batting - Pitching for Gurdon Pelicans : RHP Les Edwards
|
Pitching: RHP Les Edwards
|
|
Batting: RHB José Villegas
|
0-0: Ball 1-0: Foul Ball, location: 2F 1-1: Ball 2-1: Ball 3-1: Foul Ball, location: 2F 3-2: Fly out, F7 (Flyball, 8LS)
|
Batting: RHB Héctor Moreno
|
0-0: Ball 1-0: SINGLE (Line Drive, 4MD)
|
Batting: RHB José Mata
|
0-0: Ball 1-0: Grounds into double play, 4-6-3 (Groundball, 34)
|
Top of the 1st over - 0 run(s), 1 hit(s), 0 error(s), 0 left on base; Glendale 0 - Gurdon 0 |
BOTTOM OF THE 1ST |
Gurdon Pelicans batting - Pitching for Glendale Herons : RHP Bob McGhee
|
Pitching: RHP Bob McGhee
|
|
Batting: RHB José Muñóz
|
0-0: Foul Ball, location: 2F 0-1: Bunt for hit - play at first, batter OUT! 1-3
|
Batting: SHB Carlos Kramer
|
0-0: Ball 1-0: Foul Ball, location: 2F 1-1: Ball 2-1: Called Strike 2-2: DOUBLE (Line Drive, 78S)
|
Batting: LHB Jesús Reyes
|
0-0: Ball 1-0: Foul Ball, location: 2F 1-1: Called Strike 1-2: Strikes out swinging
|
Batting: RHB Alex Maxwell
|
0-0: Ball 1-0: SINGLE (Groundball, 56D) Carlos Kramer to third Runner from 3rd tries for Home, SAFE, no throw or cutoff
|
Batting: RHB Riley Howard
|
0-0: Ball 1-0: Called Strike Alex Maxwell is caught stealing 2nd base
|
Bottom of the 1st over - 1 run(s), 2 hit(s), 0 error(s), 0 left on base; Glendale 0 - Gurdon 1 |
TOP OF THE 2ND |
Glendale Herons batting - Pitching for Gurdon Pelicans : RHP Les Edwards
|
Batting: RHB Ángel López
|
0-0: Called Strike 0-1: Swinging Strike 0-2: Ball 1-2: Foul Ball, location: 2F 1-2: Strikes out swinging
|
Batting: LHB Pedro Rodríguez
|
0-0: Fly out, F5 (Popup, 5S)
|
Batting: RHB Ángel Ruezga
|
0-0: Called Strike 0-1: SINGLE (Groundball, 6D) (infield hit)
|
Batting: SHB Jim Bunker
|
0-0: Fielders Choice at 2nd, U6 (Groundball, 6M)
|
Top of the 2nd over - 0 run(s), 1 hit(s), 0 error(s), 1 left on base; Glendale 0 - Gurdon 1 |
BOTTOM OF THE 2ND |
Gurdon Pelicans batting - Pitching for Glendale Herons : RHP Bob McGhee
|
Batting: RHB Riley Howard
|
0-0: Ball 1-0: Ball 2-0: Called Strike 2-1: Ball 3-1: Called Strike 3-2: Base on Balls
|
Batting: SHB Lionel Merlet
|
0-0: Fly out, F8 (Popup, 8LS)
|
Batting: RHB Bobby Buck
|
0-0: Ball 1-0: TRIPLE (Flyball, 8RXD) Riley Howard scores
|
Batting: RHB Tony Hernández
|
0-0: Ball 1-0: Ball 2-0: Ball 3-0: Base on Balls
|
Batting: RHB Micah Miller
|
0-0: Ground out U3 (Groundball, 3S) Bobby Buck scores Tony Hernández to second
|
Batting: RHB José Muñóz
|
Balk! Tony Hernández to third 0-0: Ball 1-0: Swinging Strike 1-1: Foul Ball, location: 2F 1-2: Foul Ball, location: 2F 1-2: Strikes out swinging
|
Bottom of the 2nd over - 2 run(s), 1 hit(s), 0 error(s), 1 left on base; Glendale 0 - Gurdon 3 |
TOP OF THE 3RD |
Glendale Herons batting - Pitching for Gurdon Pelicans : RHP Les Edwards
|
Batting: RHB Dave Davis
|
0-0: SOLO HOME RUN (Flyball, 7D), Distance : 404 ft
|
Batting: LHB Travis Alexander
|
0-0: Called Strike 0-1: Ball 1-1: Swinging Strike 1-2: Strikes out looking
|
Batting: RHB José Villegas
|
0-0: Called Strike 0-1: Ball 1-1: Ball 2-1: Foul Ball, location: 2F 2-2: Foul Ball, location: 2F 2-2: Ball 3-2: Strikes out swinging
|
Batting: RHB Héctor Moreno
|
0-0: Called Strike 0-1: Foul Ball, location: 2F 0-2: Strikes out swinging
|
Top of the 3rd over - 1 run(s), 1 hit(s), 0 error(s), 0 left on base; Glendale 1 - Gurdon 3 |
BOTTOM OF THE 3RD |
Gurdon Pelicans batting - Pitching for Glendale Herons : RHP Bob McGhee
|
Batting: SHB Carlos Kramer
|
0-0: Foul Ball, location: 2F 0-1: Called Strike 0-2: Ball 1-2: Ball 2-2: Fly out, F7 (Flyball, 8LM)
|
Batting: LHB Jesús Reyes
|
0-0: Ground out 4-3 (Groundball, 34)
|
Batting: RHB Alex Maxwell
|
0-0: Ball 1-0: Called Strike 1-1: Called Strike 1-2: Strikes out looking
|
Bottom of the 3rd over - 0 run(s), 0 hit(s), 0 error(s), 0 left on base; Glendale 1 - Gurdon 3 |
TOP OF THE 4TH |
Glendale Herons batting - Pitching for Gurdon Pelicans : RHP Les Edwards
|
Batting: RHB José Mata
|
0-0: Called Strike 0-1: Ball 1-1: Swinging Strike 1-2: Ball 2-2: Ball 3-2: Strikes out looking
|
Batting: RHB Ángel López
|
0-0: Ball 1-0: Foul Ball, location: 2F 1-1: Foul Ball, location: 2F 1-2: Ball 2-2: Ball 3-2: Ground out 5-3 (Groundball, 5S)
|
Batting: LHB Pedro Rodríguez
|
0-0: Called Strike 0-1: Called Strike 0-2: Foul Ball, location: 2F 0-2: Ball 1-2: Ball 2-2: Ball 3-2: Strikes out looking
|
Top of the 4th over - 0 run(s), 0 hit(s), 0 error(s), 0 left on base; Glendale 1 - Gurdon 3 |
BOTTOM OF THE 4TH |
Gurdon Pelicans batting - Pitching for Glendale Herons : RHP Bob McGhee
|
Batting: RHB Riley Howard
|
0-0: DOUBLE (Groundball, 5L)
|
Batting: SHB Lionel Merlet
|
0-0: Ball 1-0: Foul Ball, location: 2F 1-1: Ball 2-1: Ground out 4-3 (Groundball, 4) Riley Howard to third
|
Batting: RHB Bobby Buck
|
0-0: Called Strike 0-1: Foul Ball, location: 2F 0-2: Strikes out swinging
|
Batting: RHB Tony Hernández
|
0-0: Foul Ball, location: 2F 0-1: Ball 1-1: Ball 2-1: Swinging Strike 2-2: SINGLE (Line Drive, 4MD) Riley Howard scores
|
Batting: RHB Micah Miller
|
0-0: Ball 1-0: Called Strike 1-1: Foul Ball, location: 2F 1-2: Ball 2-2: 2-RUN HOME RUN (Flyball, 7LD), Distance : 379 ft
|
Batting: RHB José Muñóz
|
0-0: Swinging Strike 0-1: Ground out 1-3 (Groundball, 15)
|
Bottom of the 4th over - 3 run(s), 3 hit(s), 0 error(s), 0 left on base; Glendale 1 - Gurdon 6 |
TOP OF THE 5TH |
Glendale Herons batting - Pitching for Gurdon Pelicans : RHP Les Edwards
|
Batting: RHB Ángel Ruezga
|
0-0: Foul Ball, location: 2F 0-1: Ground out 4-3 (Groundball, 4)
|
Batting: SHB Jim Bunker
|
0-0: Ball 1-0: Called Strike 1-1: SINGLE (Groundball, 6MD)
|
Batting: RHB Dave Davis
|
0-0: Ball 1-0: Called Strike 1-1: Fly out, F3 (Popup, 3F)
|
Batting: LHB Travis Alexander
|
0-0: Ball 1-0: Ball 2-0: Ball 3-0: Called Strike 3-1: Base on Balls Jim Bunker to second
|
Batting: RHB José Villegas
|
0-0: Ball 1-0: Called Strike 1-1: Ball 2-1: Foul Ball, location: 2F 2-2: Strikes out swinging
|
Top of the 5th over - 0 run(s), 1 hit(s), 0 error(s), 2 left on base; Glendale 1 - Gurdon 6 |
BOTTOM OF THE 5TH |
Gurdon Pelicans batting - Pitching for Glendale Herons : RHP Bob McGhee
|
Pitching: RHP Rafael Flores
|
|
Batting: SHB Carlos Kramer
|
0-0: Ball 1-0: Called Strike 1-1: Ball 2-1: Ball 3-1: SINGLE (Line Drive, 8RS)
|
Batting: LHB Jesús Reyes
|
0-0: Called Strike 0-1: Called Strike Carlos Kramer steals 2nd base 0-2: DOUBLE (Line Drive, 89D) Carlos Kramer scores
|
Batting: RHB Alex Maxwell
|
0-0: Ball 1-0: Ball 2-0: Ball 3-0: Called Strike 3-1: Base on Balls
|
Batting: RHB Riley Howard
|
0-0: Called Strike 0-1: SINGLE (Groundball, 56D) - runner OUT being hit by batted ball. Alex Maxwell to second
|
Batting: SHB Lionel Merlet
|
0-0: Ball 1-0: Fly out, F6 (Line Drive, 56)
|
Batting: RHB Bobby Buck
|
0-0: Ball 1-0: Foul Ball, location: 2F 1-1: Foul Ball, location: 2F 1-2: Fielders Choice at 2nd, U4 (Groundball, 4M)
|
Bottom of the 5th over - 1 run(s), 3 hit(s), 0 error(s), 2 left on base; Glendale 1 - Gurdon 7 |
TOP OF THE 6TH |
Glendale Herons batting - Pitching for Gurdon Pelicans : RHP Les Edwards
|
Batting: RHB Héctor Moreno
|
0-0: Foul Ball, location: 2F 0-1: Ball 1-1: Foul Ball, location: 2F 1-2: Foul Ball, location: 2F 1-2: Fly out, F3 (Line Drive, 3)
|
Batting: RHB José Mata
|
0-0: Called Strike 0-1: Foul Ball, location: 2F 0-2: Foul Ball, location: 2F 0-2: SINGLE (Line Drive, 9LS)
|
Batting: RHB Ángel López
|
0-0: Ball 1-0: Ball 2-0: Ball 3-0: Called Strike 3-1: Fly out, F7 (Flyball, 7LM)
|
Batting: LHB Pedro Rodríguez
|
0-0: Foul Ball, location: 2F 0-1: Ball 1-1: Swinging Strike 1-2: Strikes out swinging
|
Top of the 6th over - 0 run(s), 1 hit(s), 0 error(s), 1 left on base; Glendale 1 - Gurdon 7 |
BOTTOM OF THE 6TH |
Gurdon Pelicans batting - Pitching for Glendale Herons : RHP Rafael Flores
|
Batting: RHB Tony Hernández
|
0-0: Called Strike 0-1: Called Strike 0-2: Strikes out swinging
|
Batting: RHB Micah Miller
|
0-0: Ball 1-0: Called Strike 1-1: Ball 2-1: Swinging Strike 2-2: Strikes out swinging
|
Batting: RHB José Muñóz
|
0-0: Called Strike 0-1: Called Strike 0-2: Ball 1-2: Foul Ball, location: 2F 1-2: Foul Ball, location: 2F 1-2: Strikes out swinging
|
Bottom of the 6th over - 0 run(s), 0 hit(s), 0 error(s), 0 left on base; Glendale 1 - Gurdon 7 |
TOP OF THE 7TH |
Glendale Herons batting - Pitching for Gurdon Pelicans : RHP Les Edwards
|
Batting: RHB Ángel Ruezga
|
0-0: Ball 1-0: SINGLE (Groundball, 56D) (infield hit)
|
Batting: SHB Jim Bunker
|
0-0: Ball 1-0: Fly out, F4 (Line Drive, 4MD)
|
Batting: RHB Dave Davis
|
0-0: Called Strike 0-1: Ball 1-1: Foul Ball, location: 2F 1-2: Ground out 5-3 (Groundball, 5S) Ángel Ruezga to second
|
Batting: LHB Travis Alexander
|
0-0: Ball 1-0: Ball 2-0: Ball 3-0: Called Strike 3-1: Swinging Strike 3-2: SINGLE (Line Drive, 7S) Ángel Ruezga to third Ángel Ruezga scores
|
Batting: RHB José Villegas
|
0-0: Ball Wild Pitch! Travis Alexander to second 1-0: Foul Ball, location: 2F 1-1: Called Strike 1-2: Ball 2-2: Ball 3-2: Fly out, F8 (Flyball, 8RM)
|
Top of the 7th over - 1 run(s), 2 hit(s), 0 error(s), 1 left on base; Glendale 2 - Gurdon 7 |
BOTTOM OF THE 7TH |
Gurdon Pelicans batting - Pitching for Glendale Herons : RHP Rafael Flores
|
Batting: SHB Carlos Kramer
|
0-0: Called Strike 0-1: Foul Ball, location: 2F 0-2: DOUBLE (Line Drive, 3D)
|
Batting: LHB Jesús Reyes
|
0-0: Ball 1-0: Fly out, F9 (Flyball, 9D) Runner from 2nd tags up, SAFE at 3rd, no throw
|
Batting: RHB Alex Maxwell
|
0-0: Foul Ball, location: 2F 0-1: Called Strike 0-2: SINGLE (Groundball, 4MD) Carlos Kramer scores
|
Batting: RHB Riley Howard
|
0-0: Called Strike 0-1: Ball 1-1: Ball 2-1: Swinging Strike 2-2: Strikes out swinging
|
Batting: SHB Lionel Merlet
|
0-0: Called Strike 0-1: Foul Ball, location: 2F 0-2: Ground out 3-1 (Groundball, 34)
|
Bottom of the 7th over - 1 run(s), 2 hit(s), 0 error(s), 1 left on base; Glendale 2 - Gurdon 8 |
TOP OF THE 8TH |
Glendale Herons batting - Pitching for Gurdon Pelicans : RHP Les Edwards
|
Batting: RHB Héctor Moreno
|
0-0: Ball 1-0: Called Strike 1-1: Called Strike 1-2: Ball 2-2: Ball 3-2: Base on Balls
|
Pitching: RHP Karl Pratt
|
|
Batting: RHB José Mata
|
0-0: Called Strike 0-1: SINGLE (Groundball, 15) (infield hit) Héctor Moreno to second
|
Batting: RHB Ángel López
|
0-0: Foul Ball, location: 2F 0-1: Ball 1-1: Fielders Choice at 2nd, 6-4 (Groundball, 6M) Héctor Moreno to third
|
Batting: LHB Pedro Rodríguez
|
0-0: Fly out, F6 (Popup, 6D)
|
Batting: RHB Ángel Ruezga
|
0-0: Foul Ball, location: 2F 0-1: Ball 1-1: Called Strike 1-2: Ball 2-2: Foul Ball, location: 2F 2-2: Fly out, F6 (Popup, 6MD)
|
Top of the 8th over - 0 run(s), 1 hit(s), 0 error(s), 2 left on base; Glendale 2 - Gurdon 8 |
BOTTOM OF THE 8TH |
Gurdon Pelicans batting - Pitching for Glendale Herons : RHP Rafael Flores
|
Batting: RHB Bobby Buck
|
0-0: Called Strike 0-1: Ball 1-1: Foul Ball, location: 2F 1-2: SINGLE (Groundball, 34D)
|
Pitching: LHP Salvador Medina
|
|
Batting: RHB Tony Hernández
|
0-0: Ball 1-0: Bunted foul 1-1: Sac Bunt - play at first, batter OUT! 2-4 Bobby Buck to second
|
Batting: RHB Micah Miller
|
0-0: Foul Ball, location: 2F 0-1: Ball 1-1: Swinging Strike 1-2: Strikes out swinging
|
Batting: RHB José Muñóz
|
0-0: Foul Ball, location: 2F 0-1: Swinging Strike 0-2: Foul Ball, location: 2F 0-2: Ball 1-2: Ball 2-2: Fly out, F8 (Flyball, 8LM)
|
Bottom of the 8th over - 0 run(s), 1 hit(s), 0 error(s), 1 left on base; Glendale 2 - Gurdon 8 |
TOP OF THE 9TH |
Glendale Herons batting - Pitching for Gurdon Pelicans : RHP Karl Pratt
|
Batting: SHB Jim Bunker
|
0-0: Called Strike 0-1: Swinging Strike 0-2: Ball 1-2: Foul Ball, location: 2F 1-2: Strikes out swinging
|
Batting: RHB Dave Davis
|
0-0: Ball 1-0: DOUBLE (Line Drive, 7LM)
|
Batting: LHB Travis Alexander
|
0-0: Foul Ball, location: 2F 0-1: Called Strike 0-2: Ball 1-2: Ball 2-2: Strikes out swinging
|
Batting: RHB José Villegas
|
0-0: Ball 1-0: Called Strike 1-1: Swinging Strike 1-2: Fly out, F8 (Flyball, 8RS)
|
Top of the 9th over - 0 run(s), 1 hit(s), 0 error(s), 1 left on base; Glendale 2 - Gurdon 8 |
|